 Dungeon Crawl Stone Soup version 0.30-a0-4-ga7cffc901d (webtiles) character file.

Game seed: 2332532212381486289

97 greenreed the Chiller (level 4, -2/30 HPs)
             Began as a Merfolk Ice Elementalist on Aug 21, 2022.
             Killed by nerve-wracking pain
             ... invoked by an orc priest
              (13 damage)
             ... on level 2 of the Dungeon.
             The game lasted 00:02:18 (1727 turns).

greenreed the Chiller (Merfolk Ice Elementalist)    Turns: 1727, Time: 00:02:19

Health: -2/30      AC:  2    Str:  8    XL:     4   Next: 68%
Magic:  3/8        EV: 13    Int: 16    God:
Gold:   113        SH:  0    Dex: 14    Spells: 7/8 levels left

rFire   . . .      SeeInvis .    (no weapon)
rCold   . . .      Faith    .    (no shield)
rNeg    . . .      Spirit   .    a - +0 robe
rPois   .          Reflect  .    (no helmet)
rElec   .          Harm     .    (no cloak)
rCorr   .          Rampage  .    (no gloves)
Will    .....                    (no boots)
Stlth   ++........               (no amulet)
HPRegen 0.10/turn                (no ring)
MPRegen 0.11/turn                (no ring)

@: no status effects
A: (nimble swimmer 2), mertail
a: no special abilities


You were on level 2 of the Dungeon.
You visited 1 branch of the dungeon, and saw 2 of its levels.

You collected 113 gold pieces.

Inventory:

Armour
 a - a +0 robe (worn)
Scrolls
 d - a scroll of enchant weapon {unknown}
Potions
 b - a potion of magic
 c - a potion of berserk rage {unknown}
 e - a potion of ambrosia {unknown}


   Skills:
 + Level 0.1 Fighting
 + Level 3.1 Dodging
 + Level 2.4 Stealth
 + Level 2.8 Spellcasting
 + Level 5.7 Ice Magic


You had 7 spell levels left.
You knew the following spells:

 Your Spells              Type           Power      Damage    Failure   Level
a - Freeze                Ice            80%        1d9       1%          1

Your spell library contained the following spells:

 Spells                   Type           Power      Damage    Failure   Level
 Frozen Ramparts          Ice            40%        1d7       5%          3
 Ozocubu's Armour         Ice            20%        N/A       5%          3
 Blink                    Tloc           4%         N/A       28%         2
 Hailstorm                Conj/Ice       11%        3d5       52%         4
 Manifold Assault         Tloc           2%         N/A       99%         5
 Storm Form               Tmut/Air       1%         N/A       100%        7


Dungeon Overview and Level Annotations

Branches:
Dungeon (2/15)

Altars:


Innate Abilities, Weirdness & Mutations

((You are very nimble when in or above water. (Stealth+, EV+, Speed+++)))
Your lower body shifts to a powerful aquatic tail in water.


Message History

An orc priest is nearby!
You freeze the orc priest.
The orc priest is lightly wounded.
The orc priest barely misses you.
You freeze the orc priest!
The orc priest is severely wounded.
An orc priest comes into view. It is wielding a +0 short sword.
The orc priest hits you with a +0 dagger.
You freeze the orc priest.
The orc priest is almost dead.
The orc priest shouts!
You hear a shout!
The orc priest closely misses you.
You freeze the orc priest.
The orc priest is almost dead.
The orc priest hits you with a +0 dagger.
You freeze the orc priest.
You kill the orc priest!
The orc wizard casts a spell.
The orc wizard flickers and vanishes!
Deactivating autopickup; reactivate with Ctrl-A.
You freeze the orc priest.
The orc priest is lightly wounded.
The orc priest calls down the wrath of Beogh upon you.
Beogh smites you!
The orc priest attacks as you move away!
The orc priest barely misses you.
The orc wizard attacks as you move away!
The orc wizard hits you with a +0 dagger.
The orc priest attacks as you move away!
The orc priest barely misses you.
The orc priest attacks as you move away!
The orc priest hits you with a +0 short sword.
The orc priest attacks as you move away!
The orc priest hits you with a +0 short sword.
The orc priest mumbles some strange prayers to Beogh against you.
You barely resist.
There is a stone staircase leading up here.
The orc priest mumbles some strange prayers to Beogh against you.
Pain shoots through your body!
You die...

#........+...# #....#.........
#........###.### #....+.........
########.#.....# #..#.#.........
#..†..#.#.#.###..#...####'###
#....>....#.†.#..###.# #..[.
#.......#.....#..###.######..
#########.....................'..
...........#####...############..
...........+..o.@.....# #..
....)o.....##o#####.#.# #..
....#####.........#.. # #.. ...
#..#######...## #.. .. #.## .⌠$#
#..# #.. . #. ....##..# ### #.
.......#..# #. .~...~.#..# ######
#. .......#..# #.....#


You could see an orc priest and an orc wizard.

Vanquished Creatures
  An orc priest (D:2)
  4 adders (D:2)
  2 dart slugs
  2 orcs (D:2)
  2 bats
  An endoplasm (D:1)
  A giant cockroach (D:2)
  2 goblins
  A hobgoblin (D:1)
  2 jackals (D:1)
  A quokka (D:2)
  5 ball pythons (D:1)
  2 frilled lizards (D:1)
  2 rats
28 creatures vanquished.

Notes
Turn   | Place    | Note
-------+----------+-------------------------------------------
     0 | D:1      | greenreed the Merfolk Ice Elementalist began the quest for
                  | the Orb.
     0 | D:1      | Reached XP level 1. HP: 13/13 MP: 3/3
   274 | D:1      | Reached XP level 2. HP: 19/19 MP: 3/5
  1021 | D:2      | Reached skill level 5 in Ice Magic
  1121 | D:2      | Reached XP level 3. HP: 22/24 MP: 2/6
  1557 | D:2      | Reached XP level 4. HP: 22/30 MP: 2/7
  1727 | D:2      | Killed from afar by an orc priest

Illustrated notes

Levels and vault maps discovered:
D:1:      beargit_arrival_greenhouse, layout_basic, hex_medium
D:2:      cheibrodos_pilgrimage, layout_basic

Skill      XL: |  1  2  3 |
---------------+----------+-----
Ice Magic      | 5 |  5.7
Dodging        | 3 |  3.1
Fighting       | |  0.1
Stealth        | |  2.4
Spellcasting   | |  2.8

Action                   |  1- 3 |  4- 6 || total
-------------------------+-------+-------++-------
Melee: Unarmed           |     1 |       ||     1
 Cast: Freeze            |    45 |     7 ||    52
Armor: Robe              |     4 |       ||     4
Dodge: Dodged            |    22 |     4 ||    26

Table legend: (Time is in decaauts)
 A = Elapsed time spent in this place.
 B = Non-inter-level travel time spent in this place.
 C = Inter-level travel time spent in this place.
 D = Time resting spent in this place.
 E = Time spent auto-exploring this place.
 F = Levels seen in this place.
 G = Mean time per level.
                   A        B        C        D        E       F      G
               +--------+--------+--------+--------+--------+-----+--------+
         Total |   1726 |   1677 |     49 |      0 |   1454 |   2 |  863.0 |
       Dungeon |   1726 |   1677 |     49 |      0 |   1454 |   2 |  863.0 |
               +--------+--------+--------+--------+--------+-----+--------+

Top non-repeatable levels by time:
     D:1: 998 daAuts
     D:2: 728 daAuts
